PBL
NEW JERSEY DEVILS @ NIAGARA FALLS PHANTOMS
10/17/2044
 
TOP OF THE 1ST
West Virginia Black Bears batting - Pitching for Rome Braves : RHP Jim McCarty
Pitching: RHP Jim McCarty
Batting: RHB Jonathan Melear 0-0: Ball
1-0: Ball
2-0: Swinging Strike
2-1: DOUBLE (Groundball, 5L, EV 101.3 MPH)
Batting: RHB Brian Moore 0-0: Called Strike
0-1: Ball
Wild Pitch!
Jonathan Melear to third
1-1: Ball
2-1: Swinging Strike
2-2: Ball
3-2: Ground out 4-3 (Groundball, 4, EV 81.3 MPH)
Jonathan Melear scores
Batting: LHB Marc Carter 0-0: Ball
1-0: Ball
2-0: Foul Ball, location: 2F
2-1: Ball
3-1: Base on Balls
Batting: RHB Jordan Robinson 0-0: Foul Ball, location: 2F
0-1: Ball
1-1: Called Strike
1-2: Foul Ball, location: 2F
1-2: Foul Ball, location: 2F
1-2: Ground out 5-3 (Groundball, 5S, EV 68.8 MPH)
Marc Carter to second
Batting: RHB Alfredo Medrano 0-0: Called Strike
0-1: Foul Ball, location: 2F
0-2: Ball
1-2: Strikes out swinging
Top of the 1st over - 1 run, 1 hit, 0 errors, 1 left on base; West Virginia 1 - Rome 0
BOTTOM OF THE 1ST
Rome Braves batting - Pitching for West Virginia Black Bears : RHP Mitch Ingerson
Pitching: RHP Mitch Ingerson
Batting: LHB Diego Muniz 0-0: Bunted foul
0-1: Ball
1-1: Ground out 4-3 (Groundball, 4, EV 109.4 MPH)
Batting: RHB Juan Montijo 0-0: Ball
1-0: Ball
2-0: SINGLE (Groundball, 25, EV 63.1 MPH) (infield hit)
Batting: RHB Joey Arboleda 0-0: Fielders Choice at 2nd, 6-4 (Groundball, 56, EV 90.0 MPH)
Batting: LHB Lílian Codes 0-0: Called Strike
Joey Arboleda steals 2nd base
0-1: Ground out 4-3 (Groundball, 4, EV 84.4 MPH)
Bottom of the 1st over - 0 runs, 1 hit, 0 errors, 1 left on base; West Virginia 1 - Rome 0
TOP OF THE 2ND
West Virginia Black Bears batting - Pitching for Rome Braves : RHP Jim McCarty
Batting: RHB Jason Harmon 0-0: Ground out 5-3 (Groundball, 56S, EV 85.0 MPH)
Batting: RHB Jesus Marquez 0-0: Called Strike
0-1: Foul Ball, location: 2F
0-2: Fly out, F3 (Line Drive, 3, EV 63.1 MPH)
Batting: LHB Colin Peters 0-0: Ball
1-0: Swinging Strike
1-1: Called Strike
1-2: Ball
2-2: Strikes out swinging
Top of the 2nd over - 0 runs, 0 hits, 0 errors, 0 left on base; West Virginia 1 - Rome 0
BOTTOM OF THE 2ND
Rome Braves batting - Pitching for West Virginia Black Bears : RHP Mitch Ingerson
Batting: RHB Omar Molina 0-0: Ground out 4-3 (Groundball, 34, EV 100.6 MPH)
Batting: LHB Brian Horton 0-0: Called Strike
0-1: Ground out 2-3 (Groundball, 2R, EV 68.8 MPH)
Batting: SHB Tirta Subandrio 0-0: Ball
1-0: Ball
2-0: Called Strike
2-1: Ball
3-1: Called Strike
3-2: Strikes out swinging
Bottom of the 2nd over - 0 runs, 0 hits, 0 errors, 0 left on base; West Virginia 1 - Rome 0
TOP OF THE 3RD
West Virginia Black Bears batting - Pitching for Rome Braves : RHP Jim McCarty
Batting: RHB Mitch Ingerson 0-0: SINGLE (Groundball, 6MD, EV 100.6 MPH)
Batting: RHB Jonathan Melear 0-0: Called Strike
0-1: Swinging Strike
0-2: Foul Ball, location: 2F
0-2: Ball
1-2: Strikes out swinging
Batting: RHB Brian Moore 0-0: Foul Ball, location: 2F
0-1: Ball
1-1: Swinging Strike
1-2: Foul Ball, location: 2F
1-2: Ball
2-2: Ball
3-2: Fly out, F8 (Line Drive, 8RXD, EV 106.3 MPH)
Batting: LHB Marc Carter 0-0: Ball
1-0: Ball
2-0: Ball
3-0: Called Strike
3-1: Called Strike
3-2: Fly out, F8 (Flyball, 8LD, EV 95.0 MPH)
Top of the 3rd over - 0 runs, 1 hit, 0 errors, 1 left on base; West Virginia 1 - Rome 0
BOTTOM OF THE 3RD
Rome Braves batting - Pitching for West Virginia Black Bears : RHP Mitch Ingerson
Batting: RHB Juan Alvarez 0-0: Swinging Strike
0-1: Ball
1-1: Foul Ball, location: 2F
1-2: Ground out 4-3 (Groundball, 4, EV 80.6 MPH)
Batting: RHB Jim McCarty 0-0: Called Strike
0-1: Foul Ball, location: 2F
0-2: Foul Ball, location: 2F
0-2: Strikes out swinging
Batting: LHB Diego Muniz 0-0: SINGLE (Groundball, 3S, EV 70.6 MPH) (infield hit)
Batting: RHB Juan Montijo 0-0: Ball
Diego Muniz is caught stealing 2nd base 2-4
Bottom of the 3rd over - 0 runs, 1 hit, 0 errors, 0 left on base; West Virginia 1 - Rome 0
TOP OF THE 4TH
West Virginia Black Bears batting - Pitching for Rome Braves : RHP Jim McCarty
Batting: RHB Jordan Robinson 0-0: Swinging Strike
0-1: Foul Ball, location: 2F
0-2: Foul Ball, location: 2F
0-2: Foul Ball, location: 2F
0-2: Strikes out swinging
Batting: RHB Alfredo Medrano 0-0: Fly out, F2 (Popup, 23F, EV 82.5 MPH)
Batting: RHB Jason Harmon 0-0: Called Strike
0-1: Ball
1-1: Foul Ball, location: 2F
1-2: Hit by Pitch
Batting: RHB Jesus Marquez 0-0: Called Strike
0-1: Ball
1-1: Ball
Passed Ball!
Jason Harmon to second
2-1: Ball
3-1: Called Strike
3-2: Strikes out swinging
Top of the 4th over - 0 runs, 0 hits, 0 errors, 1 left on base; West Virginia 1 - Rome 0
BOTTOM OF THE 4TH
Rome Braves batting - Pitching for West Virginia Black Bears : RHP Mitch Ingerson
Batting: RHB Juan Montijo 0-0: Called Strike
0-1: Foul Ball, location: 2F
0-2: Foul Ball, location: 2F
0-2: Ball
1-2: Ground out 1-3 (Groundball, P, EV 68.8 MPH)
Batting: RHB Joey Arboleda 0-0: Called Strike
0-1: Swinging Strike
0-2: Ball
1-2: Ball
2-2: Ground out 1-3 (Groundball, 34S, EV 65.6 MPH)
Batting: LHB Lílian Codes 0-0: Ball
1-0: Called Strike
1-1: Swinging Strike
1-2: Strikes out swinging
Bottom of the 4th over - 0 runs, 0 hits, 0 errors, 0 left on base; West Virginia 1 - Rome 0
TOP OF THE 5TH
West Virginia Black Bears batting - Pitching for Rome Braves : RHP Jim McCarty
Batting: LHB Colin Peters 0-0: Ball
1-0: Called Strike
1-1: Ground out 6-3 (Groundball, 56, EV 101.9 MPH)
Batting: RHB Mitch Ingerson 0-0: Foul Ball, location: 2F
0-1: Ball
1-1: Ball
2-1: Ground out 6-3 (Groundball, 6MS, EV 67.5 MPH)
Batting: RHB Jonathan Melear 0-0: Swinging Strike
0-1: Foul Ball, location: 2F
0-2: Strikes out swinging
Top of the 5th over - 0 runs, 0 hits, 0 errors, 0 left on base; West Virginia 1 - Rome 0
BOTTOM OF THE 5TH
Rome Braves batting - Pitching for West Virginia Black Bears : RHP Mitch Ingerson
Batting: RHB Omar Molina 0-0: Ball
1-0: Ball
2-0: Called Strike
2-1: Ground out 1-3 (Groundball, P, EV 66.3 MPH)
Batting: LHB Brian Horton 0-0: Called Strike
0-1: Foul Ball, location: 2F
0-2: Ball
1-2: Strikes out swinging
Batting: SHB Tirta Subandrio 0-0: Foul Ball, location: 2F
0-1: Called Strike
0-2: Fly out, F8 (Flyball, 8LD, EV 100.6 MPH)
Bottom of the 5th over - 0 runs, 0 hits, 0 errors, 0 left on base; West Virginia 1 - Rome 0
TOP OF THE 6TH
West Virginia Black Bears batting - Pitching for Rome Braves : RHP Jim McCarty
Pitching: RHP Jon Carranza
Now in CF: Teruo Nakayama
Batting: RHB Brian Moore 0-0: Called Strike
0-1: Foul Ball, location: 2F
0-2: Strikes out swinging
Batting: LHB Marc Carter 0-0: Foul Ball, location: 2F
0-1: Ball
1-1: Ball
2-1: Ball
3-1: Called Strike
3-2: Ground out 5-3 (Groundball, 56S, EV 84.4 MPH)
Batting: RHB Jordan Robinson 0-0: Ball
1-0: SINGLE (Groundball, 13, EV 87.5 MPH) (infield hit)
Batting: RHB Alfredo Medrano 0-0: Ball
1-0: Foul Ball, location: 2F
1-1: Foul Ball, location: 2F
1-2: Ball
2-2: Strikes out looking
Top of the 6th over - 0 runs, 1 hit, 0 errors, 1 left on base; West Virginia 1 - Rome 0
BOTTOM OF THE 6TH
Rome Braves batting - Pitching for West Virginia Black Bears : RHP Mitch Ingerson
Batting: RHB Juan Alvarez 0-0: Ball
1-0: Ball
2-0: Swinging Strike
2-1: Ball
3-1: Ground out 3-1 (Groundball, 34S, EV 70.0 MPH)
Batting: RHB Teruo Nakayama 0-0: Foul Ball, location: 2F
0-1: Ball
1-1: Ball
2-1: Foul Ball, location: 2F
2-2: Ball
3-2: DOUBLE (Groundball, 5L, EV 101.3 MPH)
Batting: LHB Diego Muniz 0-0: Ball
Wild Pitch!
Teruo Nakayama to third
1-0: Swinging Strike
1-1: Reached on error, E4 (Groundball, 13, EV 76.3 MPH)
Teruo Nakayama scores
Batting: RHB Juan Montijo 0-0: Fly out, F8 (Line Drive, 8RD, EV 99.4 MPH)
Batting: RHB Joey Arboleda 0-0: Swinging Strike
0-1: Called Strike
0-2: Ball
1-2: Ball
2-2: Strikes out swinging
Bottom of the 6th over - 1 run, 1 hit, 1 error, 1 left on base; West Virginia 1 - Rome 1
TOP OF THE 7TH
West Virginia Black Bears batting - Pitching for Rome Braves : RHP Jon Carranza
Batting: RHB Jason Harmon 0-0: Foul Ball, location: 2F
0-1: Ball
1-1: Ball
2-1: Swinging Strike
2-2: Ball
3-2: Base on Balls
Batting: RHB Jesus Marquez 0-0: Ball
Jason Harmon is caught stealing 2nd base 2-4
1-0: Foul Ball, location: 2F
1-1: Ball
2-1: Called Strike
2-2: Ball
3-2: Foul Ball, location: 2F
3-2: Base on Balls
Batting: LHB Colin Peters 0-0: Called Strike
Jesus Marquez steals 2nd base
0-1: Foul Ball, location: 2F
0-2: Strikes out swinging
Batting: RHB Mitch Ingerson Balk!
Jesus Marquez to third
0-0: Called Strike
0-1: Ball
1-1: Foul Ball, location: 2F
1-2: Strikes out swinging
Top of the 7th over - 0 runs, 0 hits, 0 errors, 1 left on base; West Virginia 1 - Rome 1
BOTTOM OF THE 7TH
Rome Braves batting - Pitching for West Virginia Black Bears : RHP Mitch Ingerson
Batting: LHB Lílian Codes 0-0: Ball
1-0: Called Strike
1-1: Called Strike
1-2: Ball
2-2: Ball
3-2: Fly out, F5 (Popup, 25F, EV 79.4 MPH)
Batting: RHB Omar Molina 0-0: Called Strike
0-1: Called Strike
0-2: SINGLE (Flyball, 7LS, EV 93.1 MPH)
Pinch Hitting: LHB Chris Escobar 0-0: Foul Ball, location: 2F
0-1: Called Strike
0-2: Strikes out looking
Batting: SHB Tirta Subandrio 0-0: Ball
1-0: Called Strike
1-1: Ball
2-1: Foul Ball, location: 2F
2-2: Strikes out looking
Bottom of the 7th over - 0 runs, 1 hit, 0 errors, 1 left on base; West Virginia 1 - Rome 1
TOP OF THE 8TH
West Virginia Black Bears batting - Pitching for Rome Braves : RHP Jon Carranza
Pitching: RHP Alex Garibay
Batting: RHB Jonathan Melear 0-0: Ball
1-0: SINGLE (Groundball, 6MS, EV 71.3 MPH) (infield hit)
Batting: RHB Brian Moore 0-0: SINGLE (Groundball, 4MD, EV 98.1 MPH)
Jonathan Melear to second
Batting: LHB Marc Carter 0-0: Called Strike
Jonathan Melear steals 3rd base
0-1: Ball
1-1: Foul Ball, location: 2F
1-2: SINGLE (Groundball, 4MD, EV 110.6 MPH)
Jonathan Melear scores
Brian Moore to second
Pinch Runner at 2nd Josh Yoder:
Batting: RHB Jordan Robinson 0-0: Ball
1-0: Ball
2-0: Called Strike
2-1: Swinging Strike
2-2: Strikes out swinging
Batting: RHB Alfredo Medrano 0-0: Called Strike
Josh Yoder steals 3rd base
0-1: Swinging Strike
0-2: Foul Ball, location: 2F
0-2: Strikes out swinging
Batting: RHB Jason Harmon 0-0: Ball
1-0: Called Strike
1-1: Foul Ball, location: 2F
1-2: Strikes out swinging
Top of the 8th over - 1 run, 3 hits, 0 errors, 2 left on base; West Virginia 2 - Rome 1
BOTTOM OF THE 8TH
Rome Braves batting - Pitching for West Virginia Black Bears : RHP Mitch Ingerson
Now at 3B: Joe Wetterman
Batting: RHB Juan Alvarez 0-0: Called Strike
0-1: SINGLE (Line Drive, 6D, EV 103.1 MPH)
Batting: RHB Teruo Nakayama 0-0: Swinging Strike
0-1: Grounds into double play, 4-6-3 (Groundball, 4, EV 80.6 MPH)
Batting: LHB Diego Muniz 0-0: Ball
1-0: Ball
2-0: Called Strike
2-1: Ground out 2-3 (Groundball, 2R, EV 75.0 MPH)
Bottom of the 8th over - 0 runs, 1 hit, 0 errors, 0 left on base; West Virginia 2 - Rome 1
TOP OF THE 9TH
West Virginia Black Bears batting - Pitching for Rome Braves : RHP Alex Garibay
Pitching: RHP Joe Ammons
Batting: RHB Jesus Marquez 0-0: Ball
1-0: Ball
2-0: Foul Ball, location: 2F
2-1: Ground out 6-3 (Groundball, 6, EV 81.9 MPH)
Batting: LHB Colin Peters 0-0: SINGLE (Groundball, 4MD, EV 94.4 MPH)
Pinch Hitting: RHB Mick Sands 0-0: Called Strike
0-1: Ball
1-1: Called Strike
1-2: Strikes out swinging
Batting: RHB Jonathan Melear 0-0: Called Strike
0-1: Ball
1-1: Called Strike
1-2: Strikes out swinging
Top of the 9th over - 0 runs, 1 hit, 0 errors, 1 left on base; West Virginia 2 - Rome 1
BOTTOM OF THE 9TH
Rome Braves batting - Pitching for West Virginia Black Bears : RHP Mitch Ingerson
Pitching: RHP Erik Everett
Pinch Hitting: RHB Marcos Gomez 0-0: Ball
1-0: Ball
2-0: Called Strike
2-1: Ball
3-1: SINGLE (Groundball, 4MD, EV 93.8 MPH)
Pinch Hitting: LHB Luo-lang Mi 0-0: TRIPLE (Line Drive, 78XD, EV 106.9 MPH)
Marcos Gomez scores
Pinch Hitting: LHB Sergio Corona 0-0: Intentional Walk
Pinch Hitting: LHB Philippe Giraud 0-0: Ball
1-0: 3-RUN HOME RUN (Flyball, 7D, EV 106.9 MPH), Distance : 391 ft
Bottom of the 9th over - 4 runs, 3 hits, 0 errors, 0 left on base; West Virginia 2 - Rome 5
Game Over ... Rome defeats West Virginia, 5 to 2
Thursday, March 31st , 2022 - OOTP Baseball 22.12 Build 89